Map: Rifts to Korhal

Players

PHOENIX

  • Race: Terran Terran

NamroodTuo

  • Race: Zerg Zerg

VOD

Have the link to the VOD?

Description

Time

  • Played on: April 17, 2023, 12:09 p.m.
  • Length: 21:02
Show
View Real Time Build Order
Export as new Build Order

PHOENIX Terran 

Build Orders:  

Get SALT Encoding   

  12  0:05  Starport Tech Lab  
  12  0:15  SCV  
  13  0:22  Supply Depot  
  13  0:35  SCV  
  15  0:52  SCV  
  15  1:09  SCV  
  16  1:26  SCV  
  18  1:43  SCV  
  19  2:00  SCV  
  19  2:17  SCV  
  19  2:19  Assault Galleon  
  20  2:20  Assault Galleon  
  20  2:21  Assault Galleon  
  20  2:22  Assault Galleon  
  20  2:25  Assault Galleon  
  21  2:34  SCV  
  22  2:51  SCV  
  22  2:52  Refinery  
  22  2:55  Refinery  
  22  3:05  Supply Depot  
  22  3:08  SCV  
  24  3:52  SCV  
  24  3:53  Command Center  
  24  4:09  SCV  
  25  4:21  Supply Depot  
  25  4:26  SCV  
  27  4:43  SCV  
  28  5:00  SCV  
  28  5:10  Armory  
  28  5:12  Armory  
  28  5:17  Engineering Bay  
  28  5:41  Refinery  
  28  5:46  Command Center  
  30  6:11  SCV x2  
  30  6:25  Fusion Core  
  30  6:27  SCV  
  30  6:28  SCV  
  32  6:30  Tar Bombs  
  33  6:44  SCV  
  33  6:45  SCV  
  34  6:52  Refinery  
  36  7:01  SCV  
  36  7:02  SCV  
  36  7:18  SCV  
  36  7:19  SCV  
  38  7:24  Horner Armor Level 1, Horner Weapons Level 1  
  38  7:33  Aerosol Stim Emitters  
  38  7:35  SCV  
  38  7:36  SCV  
  48  7:52  SCV  
  48  7:53  SCV  
  48  8:04  Drone Hangar x2  
  48  8:09  SCV  
  50  8:10  SCV  
  50  8:26  SCV  
  50  8:27  SCV  
  52  8:39  Theia Raven  
  56  8:43  SCV  
  56  8:44  SCV  
  59  8:54  Hellion x2  
  63  9:07  Drone Hangar  
  66  9:24  Supply Depot  
  66  9:26  Drone Hangar, Supply Depot  
  66  9:29  Supply Depot  
  66  9:36  Hellion  
  66  9:37  Hellion  
  73  9:46  Hellion  
  75  9:51  Hellion, Drone Hangar  
  75  9:55  Hellion  
  79  10:11  Hellion x2  
  79  10:12  Hellion x2  
  87  10:30  Hellion x3  
  87  10:31  Hellion  
  95  10:46  Hellion x3  
  95  10:47  Hellion x2  
  105  10:59  SCV x2  
  107  11:11  Supply Depot  
  107  11:13  Supply Depot  
  107  11:16  SCV x2, Supply Depot  
  107  11:17  Supply Depot  
  107  11:19  Supply Depot  
  109  11:23  Horner Weapons Level 2  
  109  11:24  Horner Armor Level 2  
  103  11:57  Hellion x2  
  103  11:58  Hellion  
  103  11:59  Hellion x2  
  113  12:42  Sovereign Battlecruiser  
  113  13:20  Hellion x2  
  113  13:21  Hellion x3  
  117  13:30  Hellion  
  117  13:31  Hellion x3  
  117  13:32  Hellion  
  127  13:45  Hellion x3  
  127  13:46  Hellion x2  
  137  13:57  Hellion x2  
  129  14:45  Hellion  
  129  14:46  Hellion x3  
  129  14:47  Hellion  
  137  15:19  Sovereign Battlecruiser  
  147  15:45  Hellion x2  
  147  15:46  Hellion x2  
  155  16:37  Hellion x2  
  155  16:38  Hellion x2  
  155  16:39  Hellion  
  149  17:20  Horner Weapons Level 3, Horner Armor Level 3  
  130  17:31  Hellion x4  
  134  17:41  Hellion x2  
  134  17:42  Hellion x2  
  122  18:01  Sovereign Battlecruiser  
  122  18:07  Hellion x3  
  122  18:08  Hellion  
  116  18:43  Hellion x3  
  116  18:44  Hellion  
  94  18:53  Hellion x4  
  98  19:03  Hellion  
  98  19:05  Hellion x3  
  106  19:13  Hellion  
  106  19:14  Hellion  
  106  19:15  Hellion x2  
  114  19:23  Hellion  
  114  19:24  Hellion  
  114  19:25  Hellion x2  
  122  19:37  Hellion  
  122  19:38  Hellion x3  
  130  19:49  Hellion x2  
  124  20:15  Hellion x2  
  124  20:16  Hellion x2  
Show
View Real Time Build Order
Export as new Build Order

NamroodTuo Zerg 

Build Orders:  

Get SALT Encoding   

  12  0:20  Infested Barracks  
  12  0:30  Infested SCV  
  12  0:32  Infested SCV  
  12  0:39  Infested SCV  
  15  0:56  Overlord  
  15  1:21  Infested SCV  
  15  1:23  Infestation Level 1  
  15  1:27  Infested SCV  
  17  1:32  Infested SCV  
  17  1:39  Infested SCV  
  19  1:45  Infested SCV  
  20  1:54  Overlord  
  20  2:05  Infested Refinery  
  20  2:22  Infested SCV  
  21  2:34  Infested Marine  
  21  2:35  Infested Marine x9  
  31  2:59  Infested Refinery  
  31  3:06  Overlord  
  31  3:09  Overlord  
  31  3:26  Infested Command Center  
  31  3:44  Infested SCV  
  31  3:45  Infested SCV  
  31  3:46  Infested SCV x2  
  35  4:02  Infested Barracks Tech Lab  
  35  4:06  Anaerobic Enhancement  
  25  4:31  Retinal Augmentation  
  25  4:34  Infested SCV x2  
  25  4:35  Infested SCV  
  28  4:48  Infested Engineering Bay  
  28  5:23  Infested SCV x3  
  31  5:37  Unknown  
  31  5:57  Infestation Level 2, Infested Command Center  
  31  6:13  Infested SCV x5  
  36  6:29  Infested SCV x2  
  38  6:30  Infested SCV x2  
  40  6:45  Infested SCV  
  41  6:57  Infested SCV x2  
  43  7:04  Stukov Infantry Weapons Level 1  
  43  7:33  Infested SCV, Infested Refinery  
  43  7:34  Infested SCV  
  43  7:35  Overlord  
  45  7:42  Infested Refinery  
  45  7:57  Broodling Gestation  
  45  7:59  Infested Bunker  
  49  8:01  Infested Bunker  
  53  8:25  Infested Factory, Infested Marine  
  53  8:26  Infested Marine x9  
  53  8:27  Infested Marine x5  
  68  8:45  Infested SCV x2  
  70  8:52  Overlord x2  
  70  8:54  Overlord  
  70  9:09  Infested SCV  
  56  9:36  Infested Bunker  
  64  9:40  Infested Bunker  
  64  9:44  Stukov Infantry Armor Level 1  
  64  9:53  Infested Armory  
  64  9:55  Infested SCV  
  64  9:56  Infested SCV  
  64  9:57  Infested SCV  
  75  10:41  Infested Bunker  
  75  10:47  Infested SCV  
  75  10:48  Infested SCV  
  75  10:49  Overlord, Infested Bunker  
  77  11:01  Infested Barracks  
  81  11:23  Overlord, Aggressive Incubation  
  81  11:24  Infested Bunker  
  81  11:29  Infested Colonist Compound  
  81  11:42  Plagued Munitions  
  85  12:00  Infested Missile Turret  
  85  12:11  Infested Bunker  
  85  12:23  Regenerative Plating  
  85  12:35  Infested Marine  
  85  12:36  Infested Marine x6  
  85  12:37  Infested Marine x18  
  110  12:51  Overlord x3  
  110  12:52  Overlord x4  
  110  12:55  Overlord  
  110  13:22  Infestation Level 3  
  110  13:23  Stukov Infantry Weapons Level 2  
  110  13:37  Infested Marine  
  110  13:38  Infested Marine x18  
  110  13:39  Infested Marine x5  
  134  14:17  Infested Bunker  
  138  14:23  Infested Bunker  
  117  14:36  Infested Marine  
  117  14:37  Infested Marine x18  
  133  14:51  Overseer x2  
  133  14:52  Overseer x4  
  133  15:03  Overlord  
  133  15:04  Overlord  
  112  15:48  Infested Bunker  
  116  15:59  Infested Bunker  
  124  16:06  Infested Bunker  
  124  16:12  Stukov Vehicle and Ship Weapons Level 1  
  105  16:33  Calcified Armor  
  105  16:44  Infested Marine x6  
  105  16:45  Infested Marine x22  
  105  16:46  Infested Marine x5  
  105  16:49  Overlord x2  
  138  16:50  Overlord  
  138  16:54  Overlord  
  138  17:29  Infested Bunker  
  142  17:33  Stukov Infantry Armor Level 2  
  142  17:35  Infested Bunker  
  146  17:46  Infested Marine  
  146  17:47  Infested Marine x7  
  146  17:48  Infested Marine x9  
  132  18:30  Infested Marine x7  
  132  18:31  Infested Marine x19  
  132  18:32  Infested Marine x3  
  163  19:10  Infested Bunker  
  163  19:13  Infested Bunker  
  163  19:18  Infested Bunker  
  170  19:37  Infested Marine  
  170  19:38  Infested Marine x18  
  170  19:39  Infested Marine x5  
  177  20:23  Infested Marine x2  
  177  20:24  Infested Marine x15  
  177  20:25  Infested Marine x4  
Tags
 
Commander
HornerStukov
Matchup
Co-op
Replay Pack
Multiplayer
Add a new tag
Caveats
  • Supply blocks, unpowered buildings, or Contaminate may cause inaccurate times.
  • Supply counts are checked every 10 seconds.